 Dungeon Crawl Stone Soup version 0.26-a0-712-ga5a9c9c9d0 (webtiles) character file.

Game seed: 9305693528637439223

(classic levelgen) 68244 EnegeticOcto the Severer (level 14, -2/135 HPs)
             Began as a Deep Dwarf Fighter on Nov 4, 2020.
             Was the Champion of Makhleb.
             Blown up by an orb spider (22 damage)
             ... with an orb of destruction
             ... on level 4 of the Spider Nest.
             The game lasted 00:09:59 (11903 turns).

EnegeticOcto the Severer (Deep Dwarf Fighter)      Turns: 11903, Time: 00:10:00

Health: -2/135     AC: 32    Str: 23    XL:     14   Next: 85%
Magic:  5/5        EV: 12    Int:  5    God:    Makhleb [******]
Gold:   543        SH:  0    Dex: 11    Spells: 21/21 levels left

rFire    + + .     SeeInvis .   z - +3 executioner's axe (distort)
rCold    + . .     Faith    .   (shield currently unavailable)
rNeg     + . .     Spirit   .   q - +0 plate armour {rF+}
rPois    +         Reflect  .   (no helmet)
rElec    .         Harm     .   j - scarf {rC+ rF+}
rCorr    .         Rampage  .   I - +2 pair of gloves
MR       ++...     NoTele   +   t - +5 pair of boots "Lubaxt" {-Tele +Inv rPois Int-5}
Stlth    ..........             (no amulet)
HPRegen  0.00/turn              o - +4 ring of slaying
MPRegen  0.09/turn              u - +4 ring of protection

@: non-regenerating, studying Armour
A: damage resistance, heal wounds, rugged brown scales 1, clumsy 1,
deterioration 1, negative energy resistance 1, sense surroundings 2,
teleportitis 1, no regeneration
a: Heal Wounds, Minor Destruction, Lesser Servant of Makhleb, Major Destruction,
Greater Servant of Makhleb, Renounce Religion, Evoke Invisibility


You were on level 4 of the Spider Nest.
You worshipped Makhleb.
Makhleb was exalted by your worship.
You visited 3 branches of the dungeon, and saw 24 of its levels.
You visited the Abyss 1 time.

You collected 1159 gold pieces.
You spent 616 gold pieces at shops.

Inventory:

Hand Weapons
 n - a +4 battleaxe of freezing
 z - a +3 executioner's axe of distortion (weapon)
Armour
 j - a scarf of resistance (worn)
 q - a +0 plate armour of fire resistance (worn)
 t - the +5 pair of boots "Lubaxt" (worn) {-Tele +Inv rPois Int-5}
   (You found it on level 7 of the Dungeon)

   It affects your intelligence (-5).
   It protects you from poison.
   It lets you turn invisible.
   It prevents most forms of teleportation.
 I - a +2 pair of gloves (worn)
Jewellery
 m - an uncursed ring of protection from fire
 o - a +4 ring of slaying (left hand)
 u - a +4 ring of protection (right hand)
 y - the amulet of Daffodils {Spirit rF+ Str+2}
   (You found it on level 8 of the Dungeon)

   [amulet of guardian spirit]

   It causes incoming damage to be split between your health and magic.
   It affects your strength (+2).
   It protects you from fire.
Wands
 a - a wand of iceblast (16) {@v2}
 c - a wand of paralysis (11)
 p - a wand of polymorph (10)
 A - a wand of digging (9) {@v3}
 F - a wand of acid (15) {@v1}
Scrolls
 b - 6 scrolls of identify {@r1}
 e - a scroll of silence
 h - 3 scrolls of blinking
 i - 5 scrolls of magic mapping {@r5}
 s - 2 scrolls of fear
 v - 7 scrolls of remove curse {@r2}
 w - 10 scrolls of teleportation {@r3}
 x - 2 scrolls of fog
 B - 3 scrolls of immolation {@r4}
Potions
 d - 7 potions of might {@q3}
 f - 2 potions of magic
 l - 2 potions of curing {@q1}
 r - 3 potions of heal wounds {@q2}
 C - 4 potions of flight
 D - 3 potions of cancellation
Books
 g - a manual of Armour
Miscellaneous
 k - a phantom mirror


   Skills:
 + Level 10.1 Fighting
 * Level 15.6 Axes
 + Level 15.2 Armour
 + Level 11.0 Dodging
   Level 4.6 Shields
 * Level 4.2 Spellcasting
 - Level 12.4 Invocations
 + Level 8.7 Evocations


You had 21 spell levels left.
You didn't know any spells.
Your spell library was empty.

Dungeon Overview and Level Annotations

Branches:
Dungeon (15/15)            Temple (0/1) D:4            Lair (5/6) D:9
  Swamp (0/4) Lair:2       Spider (4/4) Lair:4          Orc (0/2) D:11
 Depths (0/5) D:15
  Slime: Lair:5-6    Vaults: D:13-14

Altars:
Ashenzari
Fedhas
Gozag
Makhleb
Nemelex Xobeh
Okawaru
Uskayaw
Wu Jian
Xom
Zin

Shops:
D:5 =   D:7 *   D:11 [   D:13 [

Portals:
Ice
Cave: Lair:2

Annotations:
D:9 3 runed translucent doors, p0werm0de's ghost, novice MiFi
D:15 Roxanne


Innate Abilities, Weirdness & Mutations

You are resistant to damage.
You can heal yourself by infusing magical energy.
You resist negative energy. (rN+)
You passively map the area around you.
You do not regenerate.
You are partially covered in rugged brown scales. (AC +1, +3% HP)
You are clumsy. (Dex -2)
Your body sometimes deteriorates upon taking damage.
You are occasionally teleported next to monsters.


Message History

The spark wasp stings you but does no damage.
Your blizzard demon waves its arms in wide circles.
The air twists around and strikes the orb spider!!
The orb spider dies!
Makhleb accepts your kill.
The jumping spider misses you. x2; Your smoke demon hits the wolf spider. x3
Your magical essence is drained by the effort!
You feel much better. The wolf spider closely misses you.
The wolf spider barely misses you. The spark wasp completely misses you.
The orb spider weaves a glowing orb of energy.
An orb spider comes into view.
The jumping spider pounces on you but does no damage.
The jumping spider bites you but does no damage.
The wolf spider hits you!
The wolf spider bites you but does no damage.
Your hellwing closely misses the spark wasp.
Your hellwing hits the spark wasp.
The jumping spider leaps!
Your smoke demon gestures at the wolf spider.
The sticky flame hits the wolf spider.
The wolf spider is covered in liquid flames!
The spark wasp misses you.
The orb spider hisses angrily.
An orb of destruction comes into view.
You slice the wolf spider!!
You kill the wolf spider!
Makhleb accepts your kill.
You slash the jumping spider!
You kill the jumping spider!
Makhleb accepts your kill.
You feel better.
You hit the spark wasp.
The spark wasp is devoured by a tear in reality.
You feel your intelligence returning.
You hear an angry hiss.
The orb spider pulsates with a strange energy.
The orb spider spins a strand of pure energy.
The orb spider pulsates with a strange energy. x2
The jumping spider leaps!
An orb spider comes into view.
The orb spider pulsates with a strange energy.
You hear an angry hiss.
The orb of destruction hits you!
The jumping spider leaps!
The orb spider weaves a glowing orb of energy.
Found 12 sling bullets and 12 gold pieces.
An orb of destruction comes into view.
The jumping spider leaps!
The jumping spider leaps!
The orb spider weaves a glowing orb of energy.
Your blizzard demon waves its arms in wide circles.
The air twists around and strikes the orb spider!!
The orb spider weaves a glowing orb of energy. 2 orbs of destruction come into view.
You feel much better.
The wavering orb of destruction hits you!!
The orb of destruction hits you!!!
* * * LOW HITPOINT WARNING * * *
An orb spider comes into view.
The orb spider weaves a glowing orb of energy. x2
The orb spider pulsates with a strange energy.
The jumping spider leaps! 2 orbs of destruction come into view.
A tarantella comes into view.
The tarantella hisses angrily.
The wavering orb of destruction hits your blizzard demon!!
The jumping spider leaps!
Your hellwing swoops through the air toward the orb spider!
Your hellwing hits the orb spider!
Your hellwing barely misses the orb spider.
Your smoke demon passes through a web.
The orb spider begins to weave its threads into a brightly glowing ball.
You feel much better.
The orbs collide in a blinding explosion!
The orb of destruction hits your smoke demon!!!
The orb of destruction hits you!!
* * * LOW HITPOINT WARNING * * *
The orb spider begins to weave its threads into a brightly glowing ball. x2
The orb spider spins a strand of pure energy.
Your blizzard demon hits the orb spider!
Your blizzard demon closely misses the orb spider.
Your smoke demon gestures at the orb spider.
The sticky flame hits the orb spider.
The orb spider is covered in liquid flames!
You hear an angry buzzing noise.
You hear a hideous shriek!
You hear an angry hiss. x15
The orb spider burns!
The orb spider dies!
Makhleb accepts your kill.
The jumping spider pounces on you but does no damage.
The jumping spider bites you but does no damage.
The orb spider weaves a glowing orb of energy.
Your blizzard demon hits the orb spider!
Your blizzard demon closely misses the orb spider.
The jumping spider leaps!
An orb of destruction comes into view.
The orb spider spins a strand of pure energy.
The orb spider begins to weave its threads into a brightly glowing ball.
There is a stone staircase leading up, spattered with blood here.
The tarantella bites your smoke demon!
Your smoke demon dies!
The orb of destruction hits you!!
You die...

* ,, ,, , , ***
..........$ ##.*
*.......^..#####^^^*
≈ *
#(.......#....... ,,
#............^..# ^
* #.........s.s..# ,
* #.^...s..2....^# *
#...s○☼○†.....# ,, ,
*,, #.......○@†...#
, ,
#......4..§...##, ,
≈ ≈ #^...^^.......#
, , ,, , ,
**#....sss.......s.
, ,, **
^..^...s.^........
^................. ,
............^..^.. ,
* +
..^....y..######..
,, , .^........^, *
* *


You could see 7 orb spiders, a hornet, a jumping spider, a tarantella, a
friendly blizzard demon (summoned) and a friendly hellwing (summoned).

Vanquished Creatures
  A bone dragon (Abyss:4)
  Jorgrun (D:15)
  Rupert (D:15)
  An entropy weaver (Spider:3)
  6 hydras
  A boulder beetle (D:15)
  A catoblepas (D:13)
  A centaur warrior (D:14)
  3 two-headed ogres
  2 unseen horrors (D:13)
  A deep troll (shapeshifter) (D:15)
  2 large abominations (Abyss:4)
  An orb spider (Spider:2)
  A deep elf mage (D:15)
  A necromancer (D:13)
  3 wolf spiders
  3 manticores
  3 cyclopes
  An ugly thing (D:13)
  A wolf spider zombie (D:13)
  Joseph (D:10)
  5 black mambas
  A centaur zombie (D:13)
  4 cane toads
  An apocalypse crab (Abyss:4)
  2 gargoyles
  2 kobold demonologists
  A rime drake (Lair:2)
  3 komodo dragons
  A demonic crawler (Spider:2)
  4 hornets
  5 trolls
  3 jumping spiders
  A harpy skeleton (D:13)
  A polar bear (Lair:4)
  6 slime creatures (D:14)
  19 blink frogs
  A bog body (Lair:2)
  A spriggan (shapeshifter) (D:13)
  4 redbacks
  A shadow (D:13)
  A wraith (D:11)
  A ynoxinul (Abyss:4)
  A human (D:7)
  3 basilisks
  4 wyverns
  3 hogs (D:7)
  33 yaks
  4 tarantellas
  A chaos spawn (Abyss:4)
  A fire bat (Abyss:4)
  A steam dragon (Lair:3)
  4 vampire mosquitoes
  2 neqoxecs (Abyss:4)
  Menkaure (D:5)
  Edmund (D:5)
  Duvessa (D:5)
  3 soldier ants
  3 acid dragons
  11 water moccasins
  A swamp drake (D:11)
  3 sky beasts
  6 orc warriors
  15 ice beasts
  2 phantoms
  A black bear (D:8)
  5 ogres
  8 centaurs
  10 bullfrogs
  7 big kobolds
  Dowan (D:5)
  A water moccasin zombie (D:6)
  5 small abominations (Abyss:4)
  4 scorpions
  13 killer bees (D:11)
  18 wights
  7 howler monkeys
  3 bullfrog zombies
  4 centaur skeletons
  8 hounds
  3 jellies
  3 bullfrog skeletons
  7 orc priests
  14 starcursed masses (Abyss:4)
  Crazy Yiuf (D:5)
  5 iguanas
  16 orc wizards
  5 hell rats (Lair:2)
  14 worker ants
  A hound zombie (D:11)
  2 hound skeletons
  2 howler monkey zombies
  2 worker ant zombies
  3 gnolls (D:5)
  A howler monkey skeleton (D:4)
  9 adders
  2 white imps (D:10)
  2 ufetubi
  3 adder skeletons
  2 worms (D:5)
  2 dart slugs
  5 leopard geckos
  51 orcs
  2 bats
  3 giant cockroaches
  4 goblins
  A hobgoblin (D:6)
  2 jackals (D:11)
  4 quokkas
  A jackal zombie (D:7)
  29 kobolds
  A leopard gecko zombie (D:6)
505 creatures vanquished.

Vanquished Creatures (collateral kills)
  Arachne (Spider:2)
  A centaur warrior (D:15)
  A wolf spider (Spider:4)
  A cyclops (D:15)
  2 orb spiders (Spider:4)
  A tengu conjurer (D:15)
  A jumping spider (Spider:3)
  2 redbacks
  7 tarantellas
  A wraith (D:15)
  A vampire mosquito (D:12)
  A warg (shapeshifter) (D:15)
20 creatures vanquished.

Vanquished Creatures (others)
  A hound (D:13)
  14 fungi
  15 plants
30 creatures vanquished.

Grand Total: 555 creatures vanquished

Notes
Turn   | Place    | Note
-------+----------+-------------------------------------------
     0 | D:1      | EnegeticOcto the Deep Dwarf Fighter began the quest for the
                  | Orb.
     0 | D:1      | Reached XP level 1. HP: 20/20 MP: 1/1
   179 | D:3      | Reached XP level 2. HP: 22/27 MP: 2/2
   184 | D:3      | Found a broken altar of Ashenzari.
   185 | D:3      | Found an ornate altar of the Wu Jian Council.
   188 | D:3      | Found an iron altar of Okawaru.
   188 | D:3      | Found a burning altar of Makhleb.
   210 | D:3      | Became a worshipper of Makhleb the Destroyer
   333 | D:3      | Noticed an ice beast
   353 | D:3      | Killed an ice beast
   353 | D:3      | Reached skill level 1 in Invocations
   353 | D:3      | Reached XP level 3. HP: 18/34 MP: 2/4
   353 | D:3      | Reached XP level 4. HP: 23/42 MP: 2/5
   728 | D:4      | Reached XP level 5. HP: 49/49 MP: 6/6
   786 | D:4      | Found a staircase to the Ecumenical Temple.
   836 | D:4      | Noticed an ogre
   847 | D:4      | Killed an ogre
   847 | D:4      | Reached XP level 6. HP: 46/56 MP: 6/6
   966 | D:4      | Found a shimmering altar of Xom.
   983 | D:4      | Reached skill level 5 in Axes
   994 | D:4      | Reached * piety under Makhleb
   996 | D:4      | Reached XP level 7. HP: 42/63 MP: 7/7
  1204 | D:5      | Entered Level 5 of the Dungeon
  1284 | D:5      | Reached skill level 1 in Dodging
  1309 | D:5      | Noticed Menkaure
  1317 | D:5      | Reached skill level 5 in Armour
  1317 | D:5      | Noticed Edmund
  1319 | D:5      | Killed Menkaure
  1337 | D:5      | Killed Edmund
  1368 | D:5      | Reached XP level 8. HP: 36/73 MP: 6/6
  1377 | D:5      | Noticed Dowan
  1378 | D:5      | Noticed Duvessa
  1397 | D:5      | Killed Duvessa
  1404 | D:5      | Killed Dowan
  1482 | D:5      | Found Ogua's Jewellery Shop.
  1566 | D:5      | Reached skill level 5 in Invocations
  1739 | D:5      | Found a runed translucent door.
  1740 | D:5      | Noticed Crazy Yiuf
  2063 | D:5      | Killed Crazy Yiuf
  2256 | D:6      | Got a warped platinum ring
  2420 | D:6      | Identified the ring "Hatis" {*Contam rN+ Str+2 Stlth-} (You
                  | found it on level 6 of the Dungeon)
  2424 | D:6      | Identified a scroll of acquirement
  2424 | D:6      | Acquired a manual of Armour
  2476 | D:6      | Reached skill level 5 in Fighting
  2479 | D:6      | Reached ** piety under Makhleb
  2986 | D:7      | Gained mutation: You passively map the area around you.
                  | [Deep Dwarf growth]
  2986 | D:7      | Reached XP level 9. HP: 77/81 MP: 6/6
  3001 | D:7      | Found Xiwixul's General Store.
  3024 | D:7      | Bought a scroll of magic mapping for 49 gold pieces
  3097 | D:7      | Got a pair of slimy boots
  3102 | D:7      | Identified the +5 pair of boots "Lubaxt" {-Tele +Inv rPois
                  | Int-5} (You found it on level 7 of the Dungeon)
  4034 | D:8      | Noticed a two-headed ogre
  4038 | D:8      | Killed a two-headed ogre
  4038 | D:8      | Reached skill level 5 in Dodging
  4039 | D:8      | Reached XP level 10. HP: 79/91 MP: 8/8
  4075 | D:8      | Got a coiled ruby amulet
  4081 | D:8      | Identified the amulet of Daffodils {Spirit rF+ Str+2} (You
                  | found it on level 8 of the Dungeon)
  4176 | D:8      | Reached *** piety under Makhleb
  4780 | D:9      | Found a runed translucent gate.
  4780 | D:9      | Found a runed translucent gate.
  4780 | D:9      | Found a runed translucent gate.
  4831 | D:9      | Found an opulent altar of Gozag.
  5055 | D:9      | Reached skill level 10 in Axes
  5277 | D:9      | Found a staircase to the Lair.
  5365 | D:9      | Noticed p0werm0de's ghost (novice MiFi)
  5365 | D:9      | Noticed a spectral centaur warrior
  5539 | D:10     | Entered Level 10 of the Dungeon
  5573 | D:10     | Reached **** piety under Makhleb
  5773 | D:10     | Reached skill level 10 in Armour
  5793 | D:10     | Noticed Joseph
  5810 | D:10     | Killed Joseph
  5891 | D:10     | Identified the +2 ring mail "Batutwab" {Str+4 Int+2 Dex-4}
  6152 | D:5      | Bought a +4 ring of protection for 360 gold pieces
  6547 | D:10     | Reached XP level 11. HP: 100/100 MP: 10/10
  6756 | D:10     | Found a blossoming altar of Fedhas.
  6818 | D:11     | Reached ***** piety under Makhleb
  6847 | D:11     | Found Laituots's Antique Armour Emporium.
  7128 | D:11     | Found a shimmering altar of Xom.
  7130 | D:11     | Found an ancient bone altar of Kikubaaqudgha.
  7130 | D:11     | Found a sparkling altar of Nemelex Xobeh.
  7132 | D:11     | Found a glowing silver altar of Zin.
  7132 | D:11     | Found a hide-covered altar of Uskayaw.
  7132 | D:11     | Found a broken altar of Ashenzari.
  7267 | D:11     | Found a staircase to the Orcish Mines.
  7424 | D:12     | Noticed a six-headed hydra
  7441 | D:12     | Killed a 14-headed hydra
  7644 | D:12     | Reached skill level 10 in Invocations
  7967 | D:13     | Killed an unseen horror
  8006 | D:13     | Noticed a seven-headed hydra
  8015 | D:13     | Killed a 13-headed hydra
  8015 | D:13     | Reached XP level 12. HP: 86/110 MP: 11/11
  8076 | D:13     | Reached skill level 1 in Evocations
  8100 | D:13     | Reached ****** piety under Makhleb
  8330 | D:13     | Noticed a catoblepas
  8340 | D:13     | Killed a catoblepas
  8467 | D:13     | Found Tyrac's Armour Shoppe.
  8475 | D:13     | Bought a +1 pair of gloves for 207 gold pieces
  8973 | D:14     | Noticed a two-headed ogre
  8978 | D:14     | Killed a two-headed ogre
  8979 | D:14     | Noticed a centaur warrior
  8992 | D:14     | Killed a centaur warrior
  9018 | D:15     | Entered Level 15 of the Dungeon
  9019 | D:15     | Noticed Rupert
  9025 | D:15     | Cast into level 4 of the Abyss (Rupert)
  9048 | Abyss:4  | Gained mutation: You are frail. (-10% HP) [a neqoxec]
  9053 | Abyss:4  | Gained mutation: You are occasionally teleported next to
                  | monsters. [a neqoxec]
  9064 | Abyss:4  | Noticed an ancient lich
  9074 | Abyss:4  | Noticed a starcursed mass
  9077 | Abyss:4  | Noticed a bone dragon
  9082 | Abyss:4  | Gained mutation: You tend to lose your temper in combat. [a
                  | neqoxec]
  9083 | Abyss:4  | Paralysed by accursed screaming for 1 turns
  9088 | Abyss:4  | Paralysed by accursed screaming for 1 turns
  9089 | Abyss:4  | Gained mutation: Your magical capacity is low. (-10% MP) [a
                  | neqoxec]
  9090 | Abyss:4  | Gained mutation: You are clumsy. (Dex -2) [a neqoxec]
  9093 | Abyss:4  | Noticed a starcursed mass
  9108 | Abyss:4  | Paralysed by accursed screaming for 1 turns
  9109 | Abyss:4  | Reached XP level 13. HP: 86/108 MP: 7/7
  9124 | Abyss:4  | Noticed a bone dragon
  9127 | Abyss:4  | Killed a bone dragon
  9127 | Abyss:4  | Reached skill level 5 in Evocations
  9129 | D:15     | Escaped the Abyss
  9148 | D:15     | Killed Rupert
  9228 | D:15     | Noticed Jorgrun
  9287 | D:15     | Killed Jorgrun
  9324 | D:15     | Noticed a dire elephant
  9334 | D:15     | Banished a dire elephant
  9334 | D:15     | Reached skill level 10 in Dodging
  9378 | D:15     | Lost mutation: Your magical capacity is low. (-10% MP)
                  | [potion of mutation]
  9378 | D:15     | Lost mutation: You tend to lose your temper in combat.
                  | [potion of mutation]
  9378 | D:15     | Gained mutation: Your body sometimes deteriorates upon
                  | taking damage. [potion of mutation]
  9378 | D:15     | Lost mutation: You are frail. (-10% HP) [potion of
                  | mutation]
  9378 | D:15     | Gained mutation: You are partially covered in rugged brown
                  | scales. (AC +1, +3% HP) [potion of mutation]
  9430 | D:15     | Found a staircase to the Depths.
  9782 | D:15     | Identified Roxanne's Tome of Transformation
  9782 | D:15     | Noticed Roxanne
  9915 | Lair:1   | Entered Level 1 of the Lair of Beasts
 10086 | Lair:2   | Found a frozen archway.
 10101 | Lair:2   | Gained mutation: You resist negative energy. (rN+) [Deep
                  | Dwarf growth]
 10101 | Lair:2   | Reached XP level 14. HP: 81/132 MP: 7/7
 10433 | Lair:2   | Found a staircase to the Swamp.
 10494 | Lair:2   | Reached skill level 1 in Spellcasting
 10971 | Lair:3   | Reached skill level 15 in Axes
 11522 | Lair:4   | You fall into a shaft and drop 1 floor!
 11697 | Lair:4   | Found a hole to the Spider Nest.
 11700 | Lair:4   | Reached skill level 10 in Fighting
 11711 | Spider:1 | Entered Level 1 of the Spider Nest
 11725 | Spider:2 | Paralysed by a hornet for 1 turns
 11733 | Spider:2 | Reached skill level 15 in Armour
 11745 | Spider:2 | Noticed Arachne
 11763 | Spider:2 | Killed Arachne
 11834 | Spider:3 | Noticed an entropy weaver
 11845 | Spider:3 | Killed an entropy weaver
 11881 | Spider:4 | Entered Level 4 of the Spider Nest
 11903 | Spider:4 | Blown up by an orb spider

Illustrated notes

Levels and vault maps discovered:
D:1:      psy_arrival_spokes, layout_basic
D:2:      layout_loops_corners, grunt_decor_arrowhead, minmay_mini_jars,
          uniq_natasha
D:3:      layout_basic, chequers_temple_overflow_statue_of_worship,
          nicolae_qazlal_eye_of_the_storm, chequers_ecumenical_altar_lobes,
          serial_rivers, chequers_serial_rivers_micro_c,
          chequers_serial_rivers_large_a, chequers_serial_rivers_marsh,
          chequers_serial_rivers_micro_c, chequers_serial_rivers_small_3
D:4:      layout_gridville, xom_butterflies, minmay_temple_entry_sparse_star
D:5:      layout_cave_pods, serial_shops, shop_statue, uniq_duvessa,
          uniq_edmund, uniq_crazy_yiuf_cottage, uniq_menkaure
D:6:      cheibrodos_thug_alley, layout_loops_ring,
          corexii_mini_fake_secret_closet
D:7:      layout_loops_corners, serial_shops, nicolae_shop_stone,
          grunt_livestock, nicolae_sextant
D:8:      layout_loops_cross, minmay_checkerbox
D:9:      layout_basic, lair_entry_dummy, basic_altar,
          gammafunk_ghost_necromancy
D:10:     layout_basic, fedhas_altar_4, uniq_joseph
D:11:     layout_rooms, erik_orc_1, serial_shops,
          nicolae_shop_overgrown_old_shop, doesnt_xom_only_xom
D:12:     layout_cave_pools
D:13:     minmay_bloctagon_deflated, layout_layer_cave, serial_shops, shop,
          minmay_fractal_squares_5
D:14:     layout_gridville, grunt_vaults_entry_tiered, minmay_tree_intersection,
          serial_shops, shop_fountains, minmay_door_square, st_stairs_3,
          uniq_kirke
D:15:     hangedman_depths_entry_try_elsewhere_first, layout_layer_cave,
          special_room [special_room_orc], grunt_decor_cap,
          minmay_misc_feat_enclosed, hangedman_abyss_or_decor_stabs,
          uniq_rupert, uniq_roxanne, uniq_jorgrun
Lair:1:   layout_small_grid
Lair:2:   layout_chaotic_city, skrybe_swamp_entry_bodies,
          portal_ice_cave_entry_ice_beasts, patterned_corridor
Lair:3:   layout_regular_city
Lair:4:   layout_small_grid, spider_nest_entry_a, serial_bayou_crossing,
          serial_bayou_shore_b
Lair:5:   layout_cave_shapes, slime_altar_1, nicolae_quartered_pool_super,
          cheibrodos_lair_reptile_den, lemuel_fruit_tree, grunt_megastairs_2,
          uniq_snorg
Spider:1: layout_chambers, uniq_donald
Spider:2: nicolae_spider_mines_1, spiders_nest_spider_trap, uniq_arachne
Spider:3: layout_chambers, uniq_aizul
Spider:4: spider_rune_water

Skill      XL: |  1  2  3  4  5  6  7  8  9 10 11 12 13 14 |
---------------+-------------------------------------------+-----
Fighting       | 3 4 5 6 7 8 9 10 | 10.1
Axes           | 3 4 5 6 7 9 10 12 13 14 15 | 15.6
Invocations    | 1 2 3 4 5 7 8 10 11 12 | 12.4
Armour         | 4 5 6 8 10 11 13 14 15 | 15.2
Shields        | 4 |  4.6
Dodging        | 2 3 5 6 8 9 10 11 | 11.0
Evocations     | 4 7 8 |  8.7
Spellcasting   | 4 |  4.2

Action                   |  1- 3 |  4- 6 |  7- 9 | 10-12 | 13-15 || total
-------------------------+-------+-------+-------+-------+-------++-------
Melee: War axe           |    42 |   116 |    15 |       |       ||   173
       Battleaxe         |       |       |   223 |   550 |    20 ||   793
       Executioner's axe |       |       |       |       |   336 ||   336
Invok: Lesser Servant of |       |       |       |     6 |     7 ||    13
       Greater Servant o |       |       |       |       |     6 ||     6
 Abil: Heal Wounds       |     2 |     4 |    10 |    15 |    30 ||    61
Evoke: Phantom mirror    |       |       |       |     1 |       ||     1
  Use: Scroll            |       |       |    14 |    13 |     2 ||    29
       Potion            |       |       |       |       |     3 ||     3
 Stab: Confused          |       |       |       |     2 |       ||     2
       Distracted        |       |       |       |       |     2 ||     2
Armor: Scale mail        |    27 |    56 |    88 |       |       ||   171
       Chain mail        |       |       |     6 |    37 |       ||    43
       Plate armour      |       |       |       |   631 |   582 ||  1213
Dodge: Dodged            |    11 |    29 |   175 |   472 |   405 ||  1092
Block: Kite shield       |    25 |    61 |     5 |       |       ||    91

Table legend: (Time is in decaauts)
 A = Elapsed time spent in this place.
 B = Non-inter-level travel time spent in this place.
 C = Inter-level travel time spent in this place.
 D = Time resting spent in this place.
 E = Time spent auto-exploring this place.
 F = Levels seen in this place.
 G = Mean time per level.
                   A        B        C        D        E       F      G
               +--------+--------+--------+--------+--------+-----+--------+
         Total |  12232 |  11101 |   1131 |     31 |   8116 |  25 |  489.3 |
       Dungeon |  10068 |   8983 |   1085 |      0 |   6679 |  15 |  671.2 |
          Lair |   1851 |   1820 |     31 |      0 |   1392 |   5 |  370.2 |
   Spider Nest |    202 |    188 |     14 |     31 |     22 |   4 |   50.5 |
         Abyss |    109 |    109 |      0 |      0 |     23 |   1 |  109.0 |
               +--------+--------+--------+--------+--------+-----+--------+

Top non-repeatable levels by time:
     D:7: 1112 daAuts
    D:10: 1024 daAuts
     D:5: 987 daAuts
     D:6: 961 daAuts
     D:9: 922 daAuts
    D:13: 815 daAuts
    D:11: 778 daAuts
     D:8: 758 daAuts
  Lair:2: 725 daAuts
    D:15: 707 daAuts
  Lair:3: 699 daAuts
     D:4: 680 daAuts
    D:12: 568 daAuts
     D:3: 436 daAuts
  Lair:4: 185 daAuts
